 Dungeon Crawl Stone Soup version 0.30.1-1-g62c8e00024 (webtiles) character file.

Game seed: 333230243430785595

35124 shmup the Arsonist (level 13, 0/74 HPs)
             Began as a Tengu Fire Elementalist on July 15, 2023.
             Was a High Priest of Qazlal.
             Slain by a five-headed hydra (13 damage)
             ... on level 5 of the Lair of Beasts on July 16, 2023.
             The game lasted 01:40:43 (22153 turns).

shmup the Arsonist (Tengu Fire Elementalist)       Turns: 22153, Time: 01:40:44

Health: 0/74       AC:  9    Str:  8    XL:     13   Next: 81%
Magic:  6/22       EV: 16    Int: 20    God:    Qazlal [*****.]
Gold:   890        SH: 16    Dex: 16    Spells: 2/23 levels left

rFire   + . .        W - +4 scimitar (flame)
rCold   x . .        C - +0 buckler
rNeg    + . .        Z - +2 robe {rN+}
rPois   +            (helmet restricted)
rElec   .            m - +2 cloak
rCorr   .            f - +1 pair of gloves
SInv    .            (boots unavailable)
Will    .....        p - amulet of reflection
Stlth   +            b - ring of fire
HPRegen 0.32/turn    S - ring of poison resistance
MPRegen 0.18/turn

%: repel missiles, reflection
@: brilliant, flying quickly and evasively, quick
A: beak, talons 3, nimble flight
a: Renounce Religion, Upheaval, Elemental Force, Disaster Area


You were on level 5 of the Lair of Beasts.
You worshipped Qazlal.
Qazlal was extremely pleased with you.
You visited 4 branches of the dungeon, and saw 19 of its levels.

You collected 890 gold pieces.

Inventory:

Hand Weapons
 W - a +4 scimitar of flaming (weapon)
Missiles
 g - 55 poisoned darts (quivered)
 u - 5 javelins
 T - 5 boomerangs
Armour
 f - a +1 pair of gloves (worn)
 m - a +2 cloak (worn)
 C - a +0 buckler (worn)
 Z - a +2 robe of positive energy (worn)
Magical Staves
 c - a staff of conjuration
 D - a staff of death
 G - a staff of air
Jewellery
 b - a ring of fire (left hand)
 o - a ring of protection from fire
 p - an amulet of reflection (around neck)
 q - a +4 ring of protection
 v - a ring of see invisible
 B - a +6 ring of dexterity
 I - an amulet of guardian spirit
 R - a +6 ring of dexterity
 S - a ring of poison resistance (right hand)
 U - a ring of willpower
Wands
 F - a wand of paralysis (24)
 H - a wand of polymorph (6)
 J - a wand of iceblast (12)
 K - a wand of quicksilver (26)
 P - a wand of mindburst (9)
Scrolls
 d - 2 scrolls of silence
 e - 2 scrolls of brand weapon
 j - a scroll of blinking {unknown}
 n - 2 scrolls of fog
 s - 3 scrolls of fear
 t - 4 scrolls of teleportation
 w - a scroll of amnesia
 y - 2 scrolls of enchant armour
 N - a scroll of poison
 O - 3 scrolls of magic mapping
Potions
 a - a potion of resistance
 h - a potion of haste
 i - 2 potions of brilliance
 l - a potion of attraction {unknown}
 r - a potion of heal wounds
 x - 3 potions of invisibility
 z - a potion of ambrosia
 A - 3 potions of curing


   Skills:
 - Level 6.0 Fighting
 + Level 5.4 Long Blades
 - Level 5.0 Dodging
 - Level 2.0 Stealth
 - Level 2.0 Shields
 + Level 5.8 Spellcasting
 + Level 10.8 Conjurations
 * Level 7.0 Hexes
 - Level 5.0 Translocations
 * Level 13.8 Fire Magic
 + Level 9.2 Air Magic
 - Level 1.0 Poison Magic
 + Level 5.6 Invocations


You had 2 spell levels left.
You knew the following spells:

 Your Spells              Type           Power      Damage    Failure   Level
a - Foxfire               Conj/Fire      100%       2x1d9     1%          1
b - Scorch                Fire           100%       2d9       1%          2
c - Inner Flame           Hex/Fire       82%        N/A       1%          3
d - Magic Dart            Conj           100%       1d8       1%          1
e - Searing Ray           Conj           100%       2d8       1%          2
f - Volatile Blastmotes   Fire/Tloc      100%       2d18      1%          3
g - Mephitic Cloud        Conj/Pois/Air  50%        N/A       2%          3
h - Blink                 Tloc           76%        N/A       3%          2
i - Fulminant Prism       Conj/Hex       29%        3d13      4%          4

Your spell library contained the following spells:

 Spells                   Type           Power      Damage    Failure   Level
 Momentum Strike          Conj/Tloc      100%       3d10      1%          2
 Static Discharge         Conj/Air       100%       2-7/arc   1%          2
 Lesser Beckoning         Tloc           76%        N/A       3%          2
 Call Imp                 Summ           16%        N/A       26%         2
 Flame Wave               Conj/Fire      90%        2d19      1%          4
 Airstrike                Air            29%        2d(5-21)  3%          4
 Stone Arrow              Conj/Erth      82%        3d12      5%          3
 Manifold Assault         Tloc           38%        N/A       22%         4
 Summon Lightning Spire   Summ/Air       36%        N/A       24%         4
 Animate Armour           Summ/Erth      16%        N/A       86%         4
 Iron Shot                Conj/Erth      20%        9d5       95%         6
 Blade Hands              Tmut           4%         N/A       99%         5
 Storm Form               Tmut/Air       18%        N/A       100%        7
 Lehudib's Crystal Spear  Conj/Erth      20%        10d6      100%        8


Dungeon Overview and Level Annotations

Branches:
Dungeon (12/15)            Temple (1/1) D:5            Lair (5/5) D:10
  Swamp (0/4) Lair:3       Spider (1/4) Lair:2        Slime (0/5) Lair:5
    Orc (0/2) D:10

Altars:
Ashenzari
Cheibriados
Dithmenos
Elyvilon
Fedhas
Gozag
Hepliaklqana
Kikubaaqudgha
Makhleb
Nemelex Xobeh
Okawaru
Qazlal
Ru
Sif Muna
Trog
Uskayaw
Vehumet
Wu Jian
Xom
Yredelemnul
Zin
The Shining One

Annotations:
D:5 exclusions: downstairs and 1 more exclusion
D:7 exclusion: 3 downstairs
D:8 3 runed translucent doors, Djon's ghost, novice MfGl
Lair:4 Nessos


Innate Abilities, Weirdness & Mutations

You have a beak for a mouth.
You have claws for feet.
Your magical nature lets you fly swiftly and evasively.


Message History

The komodo dragon is burned terribly!
You kill the komodo dragon!
Qazlal accepts your kill.
The five-headed hydra is engulfed in freezing vapours.
You block the five-headed hydra's attack. x3
The five-headed hydra closely misses you.
The five-headed hydra bites you!
* * * LOW HITPOINT WARNING * * *
Casting: Scorch (safe; 1% risk of failure)
Confirm with . or Enter, or press ? or * to list all spells.
You feel a strong surge of power!
Flames lash the five-headed hydra.
The five-headed hydra is burned terribly!
The five-headed hydra is severely wounded.
You block the five-headed hydra's attack.
The five-headed hydra bites you but does no damage.
The five-headed hydra misses you.
You block the five-headed hydra's attack.
The five-headed hydra completely misses you.
Casting: Scorch (safe; 1% risk of failure)
Confirm with . or Enter, or press ? or * to list all spells.
You feel a strong surge of power!
Flames lash the five-headed hydra.
The five-headed hydra is burned terribly!
The five-headed hydra is almost dead.
You hear a bellow!
The five-headed hydra bites you!
* * * LOW HITPOINT WARNING * * *
You block the five-headed hydra's attack.
The five-headed hydra bites you!
* * * LOW HITPOINT WARNING * * *
You block the five-headed hydra's attack.
The five-headed hydra misses you.
Casting: Scorch (safe; 1% risk of failure)
Confirm with . or Enter, or press ? or * to list all spells.
You feel a strong surge of power!
Flames lash the five-headed hydra.
The five-headed hydra is burned terribly!
The five-headed hydra is almost dead.
The five-headed hydra completely misses you.
The five-headed hydra bites you but does no damage.
The five-headed hydra bites you!
You die...

▒.P.......▒.........▒
▒.............[....▒▒
▒▒.......▒..>..▒...▒
▒P................▒▒
▒▒.......▒..(▒....▒.
▒..Y......▒.[......
▒▒▒.#............▒▒
▒▒▒..............▒▒
▒PQD..............▒
▒▒0...........P.▒▒▒
▒§.............▒
▒........▒▒.▒▒▒▒
▒▒.......▒▒▒▒
▒...P....▒ ▒▒...▒▒▒▒▒
▒▒▒▒▒


You could see a death yak and a five-headed hydra (combustible).

Vanquished Creatures
  3 hydras
  A catoblepas (Lair:3)
  Erica (D:8)
  A boulder beetle (Lair:2)
  A two-headed ogre (D:12)
  4 death yaks (Lair:5)
  A skyshark (Lair:5)
  2 bog bodies (Lair:3)
  A deep elf pyromancer (D:12)
  A cyclops (D:11)
  An oklob plant (Lair:3)
  5 elephants
  Maurice (D:8)
  2 black mambas
  Joseph (D:7)
  8 cane toads
  A gargoyle (D:11)
  An unseen horror (D:11)
  Psyche (D:8)
  2 rime drakes (Lair:5)
  6 komodo dragons
  5 trolls
  10 blink frogs
  Prince Ribbit (D:6)
  2 wyverns
  A slime creature (D:11)
  2 shadows (D:11)
  38 yaks
  2 wraiths
  2 vampires
  2 basilisks
  A steam dragon (D:6)
  Menkaure (D:7)
  3 vampire mosquitoes
  11 water moccasins
  2 sky beasts (D:7)
  An orc warrior (D:6)
  A black bear (D:5)
  4 centaurs
  2 ogres
  24 wolves
  A phantom (D:4)
  Blork the orc (D:5)
  5 kobold brigands
  13 bullfrogs
  A scorpion (D:5)
  3 wights (D:9)
  5 killer bees
  A howler monkey (D:10)
  9 electric eels
  Crazy Yiuf (D:6)
  3 orc priests
  4 hounds
  4 iguanas
  3 jellies (Lair:5)
  12 orc wizards
  5 adders
  8 gnolls (D:3)
  3 ufetubi
  3 worms
  6 dart slugs
  24 orcs
  6 ball pythons
  10 endoplasms
  2 giant cockroaches
  8 goblins
  6 hobgoblins
  8 jackals
  3 quokkas
  6 bats
  6 frilled lizards
  21 kobolds
  5 rats
356 creatures vanquished.

Vanquished Creatures (collateral kills)
  4 foxfires
4 creatures vanquished.

Vanquished Creatures (others)
  3 kobolds (D:6)
  659 foxfires
662 creatures vanquished.

Grand Total: 1022 creatures vanquished

Notes
Turn   | Place    | Note
-------+----------+-------------------------------------------
     0 | D:1      | shmup the Tengu Fire Elementalist began the quest for the
                  | Orb.
     0 | D:1      | Reached XP level 1. HP: 10/10 MP: 4/4
   178 | D:1      | Reached XP level 2. HP: 15/15 MP: 4/6
   660 | D:1      | Reached skill level 4 in Fire Magic
   818 | D:2      | Found a stormy altar of Qazlal.
   822 | D:2      | Learned a level 2 spell: Scorch
   874 | D:2      | Became a worshipper of Qazlal Stormbringer
   894 | D:2      | Reached XP level 3. HP: 19/19 MP: 5/7
  1090 | D:2      | Found a faded altar of an unknown god.
  1103 | D:2      | Learned a level 3 spell: Inner Flame
  1770 | D:2      | Reached * piety under Qazlal
  2130 | D:3      | Reached XP level 4. HP: 24/24 MP: 3/8
  2388 | D:3      | Reached skill level 5 in Fire Magic
  2434 | D:3      | Reached skill level 1 in Hexes
  2434 | D:3      | Gained mutation: Your magical nature lets you fly swiftly
                  | and evasively. [Tengu growth]
  2434 | D:3      | Reached XP level 5. HP: 28/28 MP: 2/9
  3656 | D:4      | Learned a level 1 spell: Magic Dart
  3680 | D:4      | Noticed a water moccasin
  3930 | D:4      | Killed a water moccasin
  3931 | D:4      | Reached skill level 6 in Fire Magic
  3931 | D:4      | Reached XP level 6. HP: 32/32 MP: 2/10
  4311 | D:4      | Reached ** piety under Qazlal
  4312 | D:4      | Reached XP level 7. HP: 33/36 MP: 2/11
  4482 | D:4      | Learned a level 2 spell: Searing Ray
  4639 | D:5      | Entered Level 5 of the Dungeon
  4667 | D:5      | Noticed Blork the orc
  4680 | D:5      | Killed Blork the orc
  4681 | D:5      | Reached skill level 5 in Conjurations
  4681 | D:5      | Reached skill level 7 in Fire Magic
  4776 | D:5      | Found a staircase to the Ecumenical Temple.
  5570 | Temple   | Entered the Ecumenical Temple
  5765 | D:6      | Reached XP level 8. HP: 42/42 MP: 7/12
  5861 | D:6      | Reached skill level 1 in Fighting
  5861 | D:6      | Reached skill level 1 in Shields
  5998 | D:6      | Found an ornate altar of the Wu Jian Council.
  6139 | D:6      | Noticed Prince Ribbit
  6146 | D:6      | Killed Prince Ribbit
  6383 | D:6      | Reached skill level 8 in Fire Magic
  6974 | D:6      | Found a runed translucent door.
  6975 | D:6      | Noticed Crazy Yiuf
  6982 | D:6      | Killed Crazy Yiuf
  7116 | D:6      | Reached XP level 9. HP: 48/48 MP: 6/14
  7782 | D:7      | Noticed Joseph
  7797 | D:7      | Killed Joseph
  7798 | D:7      | Reached skill level 9 in Fire Magic
  7798 | D:7      | Reached skill level 1 in Air Magic
  7988 | D:7      | Noticed Menkaure
  7991 | D:7      | Killed Menkaure
  8338 | D:7      | Learned a level 3 spell: Volatile Blastmotes
  8957 | D:8      | Noticed Psyche
  9040 | D:8      | Noticed Erica
  9086 | D:7      | Reached skill level 1 in Translocations
  9371 | D:8      | Reached XP level 10. HP: 56/56 MP: 8/15
  9461 | D:8      | Killed Erica
  9462 | D:8      | Reached skill level 5 in Dodging
  9606 | D:8      | Noticed Maurice
  9849 | D:9      | Learned a level 3 spell: Mephitic Cloud
 10050 | D:9      | Reached skill level 10 in Fire Magic
 10161 | D:8      | Reached skill level 1 in Poison Magic
 10168 | D:8      | Reached skill level 5 in Hexes
 10283 | D:9      | Reached *** piety under Qazlal
 11349 | D:10     | Entered Level 10 of the Dungeon
 11349 | D:10     | Found a staircase to the Orcish Mines.
 11566 | D:10     | Reached skill level 1 in Invocations
 11961 | D:10     | Reached XP level 11. HP: 21/60 MP: 1/17
 11993 | D:10     | Found a staircase to the Lair.
 12188 | D:8      | Killed Psyche
 12189 | D:8      | Reached skill level 10 in Conjurations
 12189 | D:8      | Reached skill level 5 in Air Magic
 12254 | D:8      | Killed Maurice
 12628 | D:8      | Found a shimmering blue altar of Sif Muna.
 12664 | D:8      | Found a runed translucent gate.
 12664 | D:8      | Found a runed translucent gate.
 12664 | D:8      | Found a runed translucent gate.
 12668 | D:8      | Noticed Djon's ghost (novice MfGl)
 12832 | D:10     | Reached **** piety under Qazlal
 13148 | D:9      | Reached skill level 11 in Fire Magic
 13261 | D:9      | Learned a level 2 spell: Blink
 14191 | D:11     | Reached skill level 1 in Long Blades
 15153 | D:11     | Noticed a cyclops
 15177 | D:11     | Killed a cyclops
 15691 | D:12     | Noticed a deep elf pyromancer
 15699 | D:12     | Killed a deep elf pyromancer
 15739 | D:12     | Noticed a two-headed ogre
 15759 | D:12     | Killed a two-headed ogre
 15787 | D:12     | Noticed a boulder beetle
 16019 | Lair:1   | Entered Level 1 of the Lair of Beasts
 16261 | Lair:1   | Reached XP level 12. HP: 61/66 MP: 14/19
 16427 | Lair:1   | You are sucked into a shaft and drop 1 floor!
 16627 | Lair:2   | Reached skill level 12 in Fire Magic
 16668 | Lair:2   | Reached ***** piety under Qazlal
 16791 | Lair:2   | Noticed a boulder beetle
 16849 | Lair:2   | Killed a boulder beetle
 17138 | Lair:2   | Found a hole to the Spider Nest.
 17498 | Lair:1   | Noticed a seven-headed hydra
 17504 | Lair:1   | Killed a seven-headed hydra
 18276 | Spider:1 | Entered Level 1 of the Spider Nest
 18671 | Lair:3   | Reached skill level 5 in Spellcasting
 18867 | Lair:3   | Reached skill level 5 in Translocations
 18909 | Lair:3   | Noticed a catoblepas
 18926 | Lair:3   | Killed a catoblepas
 18927 | Lair:3   | Reached skill level 5 in Fighting
 19218 | Lair:3   | Learned a level 4 spell: Fulminant Prism
 19376 | Lair:3   | Found a staircase to the Swamp.
 19823 | Lair:3   | Reached skill level 13 in Fire Magic
 19942 | Lair:4   | Reached XP level 13. HP: 73/73 MP: 11/21
 20049 | Lair:4   | Reached skill level 5 in Invocations
 20201 | Lair:4   | HP: 2/74 [spore (25)]
 21015 | Lair:4   | Noticed Nessos
 21020 | Lair:5   | Entered Level 5 of the Lair of Beasts
 21241 | Lair:5   | Reached skill level 5 in Long Blades
 21761 | Lair:5   | Found a staircase to the Slime Pits.
 21796 | Lair:5   | HP: 3/74 [poisoned by a cane toad]
 22153 | Lair:5   | Slain by a five-headed hydra

Illustrated notes

Levels and vault maps discovered:
D:1:      scummos_arrival_star, layout_loops_ring, minmay_misc_feat_pillars
D:2:      layout_basic, basic_altar, dreamdust_ecumenical_altar_grove,
          amcnicky_mini_rare_corridor_liquid, chequers_serial_rivers_small_b
D:3:      layout_rooms, dreamdust_mushroom_princess, roderic_roman_lattice
D:4:      layout_gridville
D:5:      layout_cave_pods, minmay_temple_entry_junction, st_stairs_6,
          uniq_blork_the_orc
D:6:      layout_cave_pods, nicolae_wu_jian_glorious_leap, uniq_prince_ribbit1,
          uniq_crazy_yiuf_cottage
D:7:      layout_basic, chequers_hall_statues_wall_a, uniq_joseph, uniq_menkaure
D:8:      layout_rooms, led_sif_pool, gammafunk_ghost_necromancy,
          serial_bayou_lake_a, uniq_psyche, uniq_erica, uniq_maurice
D:9:      layout_cave_pods
D:10:     layout_roguey, erik_lair_island, orc_0_dummy
D:11:     layout_roguey, minmay_joined_circles
D:12:     layout_irregular_city, portal_ice_cave_rime
Temple:   nicolae_temple_bog_church
Lair:1:   layout_roguey
Lair:2:   layout_regular_city, spider_nest_entry_web_field
Lair:3:   layout_chaotic_city, skrybe_swamp_entry_bodies, minivault_23
Lair:4:   layout_loops_ring, minivault_25, uniq_nessos
Lair:5:   grunt_lair_end_beastmaster, layout_cave_shapes,
          nicolae_slime_entry_slimehenge, serial_bayou_pond_e, minivault_27,
          chequers_serial_rivers_room_b, serial_bayou_pond_d
Spider:1: layout_spider_delve

Skill      XL: |  1  2  3  4  5  6  7  8  9 10 11 12 13 |
---------------+----------------------------------------+-----
Conjurations   | 2 3 4 5 6 8 9 10 | 10.8
Fire Magic     | 4 5 6 7 8 9 10 11 13 | 13.8
Hexes          | 1 2 3 4 5 6 7 |  7.0
Fighting       | 2 3 4 5 6 |  6.0
Shields        | 2 |  2.0
Dodging        | 3 4 5 |  5.0
Spellcasting   | 3 4 5 |  5.8
Air Magic      | 3 4 6 8 9 |  9.2
Translocations | 1 2 3 5 |  5.0
Poison Magic   | 1 |  1.0
Invocations    | 1 3 4 5 |  5.6
Long Blades    | 2 4 5 |  5.4
Stealth        | |  2.0

Action                     |  1- 3 |  4- 6 |  7- 9 | 10-12 | 13-15 || total
---------------------------+-------+-------+-------+-------+-------++-------
  Melee: Dagger            |     7 |    42 |     9 |       |       ||    58
         Kick              |     1 |    12 |     9 |    27 |    33 ||    82
         Peck              |       |     6 |     3 |    21 |    25 ||    55
         Short sword       |       |       |    14 |       |       ||    14
         Scimitar          |       |       |       |   107 |    94 ||   201
   Cast: Foxfire           |    62 |    41 |    88 |   159 |    29 ||   379
         Scorch            |     6 |    26 |    40 |   157 |    77 ||   306
         Inner Flame       |       |     1 |     5 |    43 |    10 ||    59
         Volatile Blastmot |       |       |     4 |    23 |     1 ||    28
    Use: Scroll            |     1 |     4 |     4 |    15 |     2 ||    26
         Potion            |       |       |     1 |     3 |     5 ||     9
 Armour: Robe              |     9 |    22 |     8 |    47 |    55 ||   141
         Troll leather arm |       |       |       |    28 |       ||    28
  Dodge: Dodged            |    22 |    49 |    36 |   197 |   115 ||   419
         Repelled          |       |       |       |     4 |     2 ||     6
  Block: Other             |       |     3 |       |       |       ||     3
         Buckler           |       |       |    15 |   156 |   178 ||   349
         Reflection        |       |       |       |     1 |     1 ||     2
